NYP
AUBURN DOUBLEDAYS @ LOS ANGELES (NYP) DODGERS
07/28/2044
 
TOP OF THE 1ST
Auburn Doubledays batting - Pitching for Los Angeles (NYP) Dodgers : LHP Casey Ropp
Pitching: LHP Casey Ropp
Batting: LHB Mike Condon 0-0: Ball
1-0: Ball
2-0: Ball
3-0: Called Strike
3-1: Called Strike
3-2: DOUBLE (Groundball, 3L, EV 97.5 MPH)
Batting: RHB Ryan Hiemer 0-0: Ball
1-0: Ball
2-0: Ball
Wild Pitch!
Mike Condon to third
3-0: Called Strike
3-1: Base on Balls
Batting: LHB John Luke 0-0: Swinging Strike
0-1: Fly out, F8 (Line Drive, 8RD, EV 86.2 MPH)
Runner from 3rd tags up, SCORES, throw by CF
Batting: SHB Gabe Fraunfelder 0-0: Called Strike
0-1: Foul Ball, location: 2F
0-2: Ball
1-2: Ball
2-2: Ball
3-2: SINGLE (Groundball, 6MD, EV 111.2 MPH)
Ryan Hiemer to second
Batting: RHB Slavik Nebrodov 0-0: Called Strike
0-1: Ball
Wild Pitch!
Ryan Hiemer to third
Gabe Fraunfelder to second
1-1: Ball
2-1: Fly out, F8 (Flyball, 89M, EV 90.6 MPH)
Batting: SHB Alex Medina 0-0: Ball
1-0: Called Strike
1-1: Ball
2-1: Ball
3-1: Base on Balls
Batting: LHB Elias Posada 0-0: Ball
1-0: Ball
2-0: Ball
3-0: Base on Balls
Ryan Hiemer scores
Gabe Fraunfelder to third
Alex Medina to second
Batting: RHB Jon Hill 0-0: Ball
1-0: Fly out, F4 (Line Drive, 4, EV 70.6 MPH)
Top of the 1st over - 2 runs, 2 hits, 0 errors, 3 left on base; Auburn 2 - Los Angeles (NYP) 0
BOTTOM OF THE 1ST
Los Angeles (NYP) Dodgers batting - Pitching for Auburn Doubledays : RHP Cory Jones
Pitching: RHP Cory Jones
Batting: RHB Mario Mejia 0-0: Ball
1-0: SINGLE (Groundball, 56, EV 104.4 MPH)
Batting: RHB Leo Cuellar 0-0: Ball
1-0: Foul Ball, location: 2F
1-1: Foul Ball, location: 2F
1-2: Ball
2-2: Foul Ball, location: 2F
2-2: Ball
3-2: Base on Balls
Mario Mejia to second
Batting: LHB Kippy McGrath 0-0: Swinging Strike
0-1: Ball
1-1: Ball
2-1: Ball
3-1: Called Strike
3-2: SINGLE (Line Drive, 8LS, EV 93.1 MPH)
Mario Mejia to third
Leo Cuellar to second
Batting: SHB Chris Ackerson 0-0: Called Strike
0-1: Called Strike
0-2: GRAND SLAM HOME RUN (Flyball, 89XD, EV 99.4 MPH), Distance : 419 ft
Batting: RHB Eddie Perry 0-0: Foul Ball, location: 2F
0-1: Ball
1-1: Ball
2-1: Ball
3-1: Base on Balls
Batting: LHB Bobby Gambrell 0-0: Ball
1-0: Fly out, F1 (Line Drive, P, EV 70.0 MPH)
Batting: LHB Fernando Amaya 0-0: Ball
1-0: Fly out, F8 (Line Drive, 8RM, EV 101.2 MPH)
Batting: RHB Jonathan Quijada 0-0: Foul Ball, location: 2F
0-1: Ground out U3 (Groundball, 3, EV 106.9 MPH)
Bottom of the 1st over - 4 runs, 3 hits, 0 errors, 1 left on base; Auburn 2 - Los Angeles (NYP) 4
TOP OF THE 2ND
Auburn Doubledays batting - Pitching for Los Angeles (NYP) Dodgers : LHP Casey Ropp
Batting: RHB David Rojas 0-0: Fly out, F7 (Flyball, 7D, EV 106.9 MPH)
Batting: LHB Mike Condon 0-0: Foul Ball, location: 2F
0-1: Ball
1-1: Ground out 5-3 (Groundball, 5, EV 98.1 MPH)
Batting: RHB Ryan Hiemer 0-0: Foul Ball, location: 2F
0-1: Ball
1-1: Called Strike
1-2: Foul Ball, location: 2F
1-2: Ball
2-2: Foul Ball, location: 2F
2-2: SINGLE (Groundball, 2R, EV 63.8 MPH) (infield hit)
Batting: LHB John Luke 0-0: Ball
1-0: Ball
2-0: Called Strike
2-1: Fly out, F8 (Flyball, 8RXD, EV 104.4 MPH)
Top of the 2nd over - 0 runs, 1 hit, 0 errors, 1 left on base; Auburn 2 - Los Angeles (NYP) 4
BOTTOM OF THE 2ND
Los Angeles (NYP) Dodgers batting - Pitching for Auburn Doubledays : RHP Cory Jones
Batting: SHB John Gernaat 0-0: Called Strike
0-1: Foul Ball, location: 2F
0-2: Foul Ball, location: 2F
0-2: Ball
1-2: Ball
2-2: Ball
3-2: Base on Balls
Batting: RHB Mario Mejia 0-0: Ball
John Gernaat steals 2nd base
1-0: Called Strike
1-1: Ball
2-1: Called Strike
2-2: DOUBLE (Line Drive, 9LM, EV 106.9 MPH)
John Gernaat scores
Batting: RHB Leo Cuellar 0-0: Swinging Strike
0-1: Foul Ball, location: 2F
0-2: Ball
1-2: Strikes out swinging
Batting: LHB Kippy McGrath 0-0: Called Strike
Mario Mejia steals 3rd base (no throw)
0-1: Ball
1-1: Ball
2-1: Ball
3-1: DOUBLE (Line Drive, 89D, EV 108.8 MPH)
Mario Mejia scores
Pitching: RHP Mike DiFonzo
Batting: SHB Chris Ackerson 0-0: Called Strike
0-1: Ball
1-1: Ball
2-1: Ball
3-1: Ground out U3 (Groundball, 34, EV 78.8 MPH)
Kippy McGrath to third
Batting: RHB Eddie Perry 0-0: SINGLE (Groundball, 56, EV 103.1 MPH)
Kippy McGrath scores
Batting: LHB Bobby Gambrell 0-0: Swinging Strike
0-1: Ball
1-1: SINGLE (Line Drive, 89S, EV 101.2 MPH)
Eddie Perry to second
Runner from 2nd tries for 3rd, SAFE, throw by RF made to third
Batting: LHB Fernando Amaya 0-0: Swinging Strike
0-1: Ball
Wild Pitch!
Eddie Perry scores
Bobby Gambrell to second
1-1: Ball
2-1: Foul Ball, location: 2F
2-2: DOUBLE (Line Drive, 7LM, EV 106.9 MPH)
Bobby Gambrell scores
Batting: RHB Jonathan Quijada 0-0: Ball
1-0: Called Strike
1-1: Called Strike
1-2: Ground out 3-1 (Groundball, 34, EV 85.6 MPH)
Bottom of the 2nd over - 5 runs, 5 hits, 0 errors, 1 left on base; Auburn 2 - Los Angeles (NYP) 9
TOP OF THE 3RD
Auburn Doubledays batting - Pitching for Los Angeles (NYP) Dodgers : LHP Casey Ropp
Batting: SHB Gabe Fraunfelder 0-0: Swinging Strike
0-1: Fly out, F8 (Flyball, 8RD, EV 100.0 MPH)
Batting: RHB Slavik Nebrodov 0-0: Foul Ball, location: 2F
0-1: Swinging Strike
0-2: Strikes out swinging
Batting: SHB Alex Medina 0-0: Ball
1-0: Ground out 5-3 (Groundball, 56S, EV 80.6 MPH)
Top of the 3rd over - 0 runs, 0 hits, 0 errors, 0 left on base; Auburn 2 - Los Angeles (NYP) 9
BOTTOM OF THE 3RD
Los Angeles (NYP) Dodgers batting - Pitching for Auburn Doubledays : RHP Mike DiFonzo
Batting: SHB John Gernaat 0-0: Ball
1-0: Called Strike
1-1: Foul Ball, location: 2F
1-2: Foul Ball, location: 2F
1-2: Foul Ball, location: 2F
1-2: Foul Ball, location: 2F
1-2: Foul Ball, location: 2F
1-2: Ball
2-2: Ball
3-2: SINGLE (Line Drive, 7LS, EV 104.4 MPH)
Batting: RHB Mario Mejia 0-0: Called Strike
0-1: Called Strike
0-2: Ball
John Gernaat steals 2nd base
1-2: Ball
2-2: Ball
3-2: Base on Balls
Batting: RHB Leo Cuellar 0-0: Called Strike
0-1: Called Strike
0-2: Ball
1-2: SINGLE (Groundball, 56D, EV 109.4 MPH)
John Gernaat to third
Mario Mejia to second
Throwing error, E7
John Gernaat scores
Mario Mejia to third
Leo Cuellar to second
Batting: LHB Kippy McGrath 0-0: Ground out U3 (Groundball, 3, EV 106.9 MPH)
Pitching: RHP Brent Wainwright
Batting: SHB Chris Ackerson 0-0: Ball
1-0: Ball
2-0: SINGLE (Line Drive, 89S, EV 111.9 MPH)
Mario Mejia scores
Leo Cuellar to third
Batting: RHB Eddie Perry 0-0: Foul Ball, location: 2F
0-1: Foul Ball, location: 2F
0-2: Strikes out looking
Batting: LHB Bobby Gambrell 0-0: SINGLE (Groundball, 34D, EV 101.9 MPH) (infield hit)
Leo Cuellar scores
Chris Ackerson to second
Batting: LHB Fernando Amaya 0-0: Ball
1-0: Called Strike
1-1: Fielders Choice at 2nd, U4 (Groundball, 4M, EV 81.2 MPH)
Bottom of the 3rd over - 3 runs, 4 hits, 1 error, 2 left on base; Auburn 2 - Los Angeles (NYP) 12
TOP OF THE 4TH
Auburn Doubledays batting - Pitching for Los Angeles (NYP) Dodgers : LHP Casey Ropp
Batting: LHB Elias Posada 0-0: Foul Ball, location: 2F
0-1: Ball
1-1: Ball
2-1: Called Strike
2-2: Ball
3-2: Fly out, F9 (Line Drive, 9, EV 91.9 MPH)
Batting: RHB Jon Hill 0-0: Ground out 6-3 (Groundball, 56, EV 86.9 MPH)
Batting: RHB David Rojas 0-0: Ball
1-0: Ball
2-0: Called Strike
2-1: Fly out, F9 (Flyball, 89M, EV 93.8 MPH)
Top of the 4th over - 0 runs, 0 hits, 0 errors, 0 left on base; Auburn 2 - Los Angeles (NYP) 12
BOTTOM OF THE 4TH
Los Angeles (NYP) Dodgers batting - Pitching for Auburn Doubledays : RHP Brent Wainwright
Batting: RHB Jonathan Quijada 0-0: DOUBLE (Line Drive, 9LM, EV 111.2 MPH)
Batting: SHB John Gernaat 0-0: Called Strike
0-1: SINGLE (Line Drive, 4MD, EV 99.4 MPH)
Jonathan Quijada to third
Batting: RHB Mario Mejia 0-0: Ball
1-0: Swinging Strike
1-1: Called Strike
1-2: Strikes out swinging
Batting: RHB Leo Cuellar 0-0: Foul Ball, location: 2F
0-1: Swinging Strike
0-2: Ball
1-2: Ball
2-2: Foul Ball, location: 2F
2-2: Strikes out swinging
Batting: LHB Kippy McGrath 0-0: Ball
1-0: Foul Ball, location: 2F
1-1: 3-RUN HOME RUN (Flyball, 9LD, EV 94.4 MPH), Distance : 334 ft
Batting: SHB Chris Ackerson 0-0: Ball
1-0: Ball
2-0: Ground out 4-3 (Groundball, 4, EV 86.2 MPH)
Bottom of the 4th over - 3 runs, 3 hits, 0 errors, 0 left on base; Auburn 2 - Los Angeles (NYP) 15
TOP OF THE 5TH
Auburn Doubledays batting - Pitching for Los Angeles (NYP) Dodgers : LHP Casey Ropp
Pitching: RHP Chris Hodge
Batting: LHB Mike Condon 0-0: Called Strike
0-1: Ball
1-1: Ball
2-1: Foul Ball, location: 2F
2-2: Strikes out looking
Batting: RHB Ryan Hiemer 0-0: Fly out, F7 (Line Drive, 7D, EV 97.5 MPH)
Batting: LHB John Luke 0-0: Ball
1-0: DOUBLE (Line Drive, 89D, EV 107.5 MPH)
Batting: SHB Gabe Fraunfelder 0-0: Ball
1-0: Ball
2-0: Called Strike
2-1: Ball
3-1: Called Strike
3-2: Foul Ball, location: 2F
3-2: Base on Balls
Batting: RHB Slavik Nebrodov 0-0: Called Strike
0-1: Fielders Choice at 2nd, 6-4 (Groundball, 6, EV 105.0 MPH)
Top of the 5th over - 0 runs, 1 hit, 0 errors, 2 left on base; Auburn 2 - Los Angeles (NYP) 15
BOTTOM OF THE 5TH
Los Angeles (NYP) Dodgers batting - Pitching for Auburn Doubledays : RHP Brent Wainwright
Batting: RHB Eddie Perry 0-0: Ball
1-0: Ball
2-0: Fly out, F7 (Flyball, 7S, EV 75.6 MPH)
Batting: LHB Bobby Gambrell 0-0: Called Strike
0-1: Foul Ball, location: 2F
0-2: Fly out, F8 (Flyball, 78D, EV 90.6 MPH)
Batting: LHB Fernando Amaya 0-0: Ball
1-0: Ball
2-0: Called Strike
2-1: Ball
3-1: Base on Balls
Batting: RHB Jonathan Quijada 0-0: Ball
1-0: Foul Ball, location: 2F
1-1: Swinging Strike
1-2: DOUBLE (Line Drive, 7LS, EV 96.9 MPH)
Fernando Amaya to third
Pitching: LHP Juan Bonet
Batting: SHB John Gernaat 0-0: Ball
1-0: Ball
Wild Pitch!
Fernando Amaya scores
Jonathan Quijada to third
2-0: Called Strike
2-1: Foul Ball, location: 2F
2-2: Ball
3-2: Foul Ball, location: 2F
3-2: TRIPLE (Flyball, 78XD, EV 91.9 MPH)
Jonathan Quijada scores
Batting: RHB Mario Mejia 0-0: Called Strike
0-1: Ball
1-1: DOUBLE (Line Drive, 78D, EV 105.0 MPH)
John Gernaat scores
Batting: RHB Leo Cuellar 0-0: Ball
1-0: Called Strike
1-1: Ball
2-1: Ball
3-1: Base on Balls
Batting: LHB Kippy McGrath 0-0: SINGLE (Groundball, 34S, EV 71.2 MPH) (infield hit)
Mario Mejia to third
Leo Cuellar to second
Batting: SHB Chris Ackerson 0-0: Called Strike
0-1: Ball
Wild Pitch!
Mario Mejia scores
Leo Cuellar to third
Kippy McGrath to second
1-1: Foul Ball, location: 2F
1-2: Ball
2-2: Foul Ball, location: 2F
2-2: Hit by Pitch
Batting: RHB Eddie Perry 0-0: Swinging Strike
0-1: Ground out 4-3 (Groundball, 4, EV 97.5 MPH)
Bottom of the 5th over - 4 runs, 4 hits, 0 errors, 3 left on base; Auburn 2 - Los Angeles (NYP) 19
TOP OF THE 6TH
Auburn Doubledays batting - Pitching for Los Angeles (NYP) Dodgers : RHP Chris Hodge
Batting: SHB Alex Medina 0-0: Called Strike
0-1: Ball
1-1: DOUBLE (Line Drive, 7LM, EV 89.4 MPH)
Batting: LHB Elias Posada 0-0: Ball
1-0: Foul Ball, location: 2F
1-1: SINGLE (Line Drive, 6D, EV 101.2 MPH)
Alex Medina to third
Batting: RHB Jon Hill 0-0: Ball
Elias Posada steals 2nd base (no throw)
1-0: Foul Ball, location: 2F
1-1: Foul Ball, location: 2F
1-2: Ball
2-2: Strikes out looking
Batting: RHB David Rojas 0-0: Ground out 6-3 (Groundball, 6, EV 105.0 MPH)
Alex Medina scores
Batting: LHB Mike Condon 0-0: Called Strike
0-1: Foul Ball, location: 2F
0-2: Ball
1-2: Ball
2-2: Strikes out swinging
Top of the 6th over - 1 run, 2 hits, 0 errors, 1 left on base; Auburn 3 - Los Angeles (NYP) 19
BOTTOM OF THE 6TH
Los Angeles (NYP) Dodgers batting - Pitching for Auburn Doubledays : LHP Juan Bonet
Batting: LHB Bobby Gambrell 0-0: Foul Ball, location: 2F
0-1: Ball
1-1: Swinging Strike
1-2: Ball
2-2: SINGLE (Line Drive, 6MD, EV 95.0 MPH)
Batting: LHB Fernando Amaya 0-0: Foul Ball, location: 2F
0-1: Ball
1-1: Foul Ball, location: 2F
1-2: Foul Ball, location: 2F
1-2: Fielders Choice at 2nd, 1-4 (Groundball, 15S, EV 73.8 MPH)
Batting: RHB Jonathan Quijada 0-0: TRIPLE (Line Drive, 7D, EV 99.4 MPH)
Fernando Amaya scores
Batting: SHB John Gernaat 0-0: Called Strike
0-1: Called Strike
0-2: Strikes out swinging
Batting: RHB Mario Mejia 0-0: Foul Ball, location: 2F
0-1: Ball
1-1: SINGLE (Line Drive, 9S, EV 103.8 MPH)
Jonathan Quijada scores
Batting: RHB Leo Cuellar 0-0: Ball
1-0: Ball
2-0: Ball
3-0: Base on Balls
Mario Mejia to second
Batting: LHB Kippy McGrath 0-0: Fly out, F7 (Line Drive, 7, EV 91.9 MPH)
Bottom of the 6th over - 2 runs, 3 hits, 0 errors, 2 left on base; Auburn 3 - Los Angeles (NYP) 21
TOP OF THE 7TH
Auburn Doubledays batting - Pitching for Los Angeles (NYP) Dodgers : RHP Chris Hodge
Batting: RHB Ryan Hiemer 0-0: Called Strike
0-1: Ball
1-1: Ball
2-1: Swinging Strike
2-2: Strikes out looking
Batting: LHB John Luke 0-0: Foul Ball, location: 2F
0-1: Ball
1-1: Foul Ball, location: 2F
1-2: DOUBLE (Line Drive, 9LS, EV 94.4 MPH)
Pitching: RHP Craig Fallon
Batting: SHB Gabe Fraunfelder 0-0: Ball
1-0: Ball
Passed Ball!
John Luke to third
2-0: Swinging Strike
2-1: Ball
Passed Ball!
John Luke scores
3-1: Base on Balls
Pinch Hitting: RHB Isaiah Seme 0-0: Called Strike
0-1: Called Strike
0-2: Strikes out swinging
Batting: SHB Alex Medina 0-0: Ball
1-0: Called Strike
1-1: Foul Ball, location: 2F
1-2: Fielders Choice at 2nd, U6 (Groundball, 6M, EV 86.9 MPH)
Top of the 7th over - 1 run, 1 hit, 0 errors, 1 left on base; Auburn 4 - Los Angeles (NYP) 21
BOTTOM OF THE 7TH
Los Angeles (NYP) Dodgers batting - Pitching for Auburn Doubledays : LHP Juan Bonet
Now at 1B: Isaiah Seme
Pinch Hitting: RHB Cesar Reyes 0-0: Ball
1-0: Swinging Strike
1-1: Foul Ball, location: 2F
1-2: Ball
2-2: SINGLE (Groundball, 6S, EV 69.4 MPH) (infield hit)
Batting: RHB Eddie Perry 0-0: Ball
1-0: Foul Ball, location: 2F
1-1: SINGLE (Groundball, P, EV 87.5 MPH) (infield hit)
Cesar Reyes to second
Batting: LHB Bobby Gambrell 0-0: Ball
1-0: Foul Ball, location: 2F
1-1: Fly out, F9 (Flyball, 9D, EV 89.4 MPH)
Runner from 2nd tags up, SAFE at 3rd, no throw by RF
Batting: LHB Fernando Amaya 0-0: SINGLE (Groundball, 34S, EV 71.2 MPH) (infield hit)
Cesar Reyes scores
Eddie Perry to second
Pitching: RHP Chris Doty
Batting: RHB Jonathan Quijada 0-0: Ball
1-0: Called Strike
1-1: Fielders Choice at 2nd, 6-4 (Groundball, 6, EV 102.5 MPH)
Eddie Perry to third
Batting: SHB John Gernaat 0-0: Called Strike
0-1: Ball
1-1: Ball
2-1: DOUBLE (Line Drive, 78XD, EV 100.6 MPH)
Eddie Perry scores
Jonathan Quijada to third
Runner from 3rd tries for Home, SAFE, throw by CF to trailing runner, SAFE at third!
Batting: RHB Mario Mejia 0-0: Ball
1-0: Swinging Strike
1-1: Swinging Strike
1-2: Strikes out looking
Bottom of the 7th over - 3 runs, 4 hits, 0 errors, 1 left on base; Auburn 4 - Los Angeles (NYP) 24
TOP OF THE 8TH
Auburn Doubledays batting - Pitching for Los Angeles (NYP) Dodgers : RHP Craig Fallon
Now in LF: Cesar Reyes
Pinch Hitting: RHB Travis Stanley 0-0: Ball
1-0: Ball
2-0: Called Strike
2-1: Ball
3-1: Foul Ball, location: 2F
3-2: Foul Ball, location: 2F
3-2: Strikes out swinging
Batting: RHB Jon Hill 0-0: Ball
1-0: Called Strike
1-1: Ball
2-1: Swinging Strike
2-2: Strikes out swinging
Batting: RHB David Rojas 0-0: Called Strike
0-1: Foul Ball, location: 2F
0-2: Ball
1-2: Foul Ball, location: 2F
1-2: Foul Ball, location: 2F
1-2: Strikes out swinging
Top of the 8th over - 0 runs, 0 hits, 0 errors, 0 left on base; Auburn 4 - Los Angeles (NYP) 24
BOTTOM OF THE 8TH
Los Angeles (NYP) Dodgers batting - Pitching for Auburn Doubledays : RHP Chris Doty
Now in CF: Travis Stanley
Batting: RHB Leo Cuellar 0-0: Ball
1-0: Foul Ball, location: 2F
1-1: Ball
2-1: Ball
3-1: Foul Ball, location: 2F
3-2: Base on Balls
Batting: LHB Kippy McGrath 0-0: Ball
1-0: Ball
2-0: Ball
3-0: Base on Balls
Leo Cuellar to second
Batting: RHB Cesar Reyes 0-0: Ball
1-0: Ball
2-0: Foul Ball, location: 2F
2-1: Ball
3-1: Base on Balls
Leo Cuellar to third
Kippy McGrath to second
Batting: RHB Eddie Perry 0-0: SINGLE (Groundball, 6D, EV 102.5 MPH)
Leo Cuellar scores
Kippy McGrath to third
Cesar Reyes to second
Runner from 3rd tries for Home, SAFE, throw by CF to home
Batting: LHB Bobby Gambrell 0-0: Ball
1-0: Reached on error, E5 (Groundball, 56S, EV 89.4 MPH)
Cesar Reyes to third
Eddie Perry to second
Batting: LHB Fernando Amaya 0-0: Ball
1-0: Fly out, F5 (Popup, 5SF, EV 78.8 MPH)
Batting: RHB Jonathan Quijada 0-0: Ball
1-0: Ball
2-0: Fly out, F9 (Flyball, 9D, EV 98.8 MPH)
Runner from 3rd tags up, SCORES, no throw by RF
Batting: SHB John Gernaat 0-0: Ball
1-0: Foul Ball, location: 2F
1-1: Foul Ball, location: 2F
1-2: Strikes out looking
Bottom of the 8th over - 3 runs, 1 hit, 1 error, 2 left on base; Auburn 4 - Los Angeles (NYP) 27
TOP OF THE 9TH
Auburn Doubledays batting - Pitching for Los Angeles (NYP) Dodgers : RHP Craig Fallon
Batting: LHB Mike Condon 0-0: Ball
1-0: Called Strike
1-1: Ball
2-1: Ground out 4-3 (Groundball, 4, EV 87.5 MPH)
Batting: RHB Ryan Hiemer 0-0: Ball
1-0: Ball
2-0: Ball
3-0: Called Strike
3-1: Base on Balls
Pitching: RHP Lee Durbin
Batting: LHB John Luke 0-0: Called Strike
0-1: SINGLE (Groundball, 4D, EV 96.2 MPH)
Ryan Hiemer to second
Batting: SHB Gabe Fraunfelder 0-0: Called Strike
0-1: Ball
1-1: Called Strike
1-2: Ball
2-2: Fielders Choice at 2nd, 4-6 (Groundball, 4S, EV 80.6 MPH)
Ryan Hiemer to third
Pinch Hitting: RHB Bryan Ernst 0-0: Called Strike
0-1: Ball
Wild Pitch!
Ryan Hiemer scores
Gabe Fraunfelder to second
1-1: Ball
Wild Pitch!
Gabe Fraunfelder to third
2-1: Called Strike
2-2: Foul Ball, location: 2F
2-2: Strikes out swinging
Top of the 9th over - 1 run, 1 hit, 0 errors, 1 left on base; Auburn 5 - Los Angeles (NYP) 27
Thursday, March 31st , 2022 - OOTP Baseball 22.12 Build 89